 Dungeon Crawl Stone Soup version 0.29.1-13-g9f3cf754e1 (webtiles) character file.

Game seed: 15898985945802212135

15 theblackgale the Ruffian (level 2, 0/23 HPs)
             Began as a Draconian Transmuter on Jan 27, 2023.
             Slain by an orc
             ... wielding a +0 short sword
              (8 damage)
             ... on level 2 of the Dungeon.
             The game lasted 00:01:55 (282 turns).

theblackgale the Ruffian (Draconian Transmuter)      Turns: 282, Time: 00:01:55

Health: 0/23       AC:  4    Str: 12    XL:     2   Next: 34%
Magic:  5/5        EV: 12    Int: 13    God:
Gold:   0          SH:  0    Dex: 11    Spells: 4/5 levels left

rFire   . . .      SeeInvis .     - Unarmed
rCold   . . .      Faith    .   (no shield)
rNeg    . . .      Spirit   .   (body armour unavailable)
rPois   .          Reflect  .   (helmet restricted)
rElec   .          Harm     .   (no cloak)
rCorr   .          Rampage  .   (no gloves)
Will    .....                   (no boots)
Stlth   +.........              (no amulet)
HPRegen 0.07/turn               (no ring)
MPRegen 0.09/turn               (no ring)

@: no status effects
A: AC +4, unfitting armour, cold-blooded
a: no special abilities


You were on level 2 of the Dungeon.
You visited 1 branch of the dungeon, and saw 3 of its levels.

Inventory:

Potions
 a - a potion of lignification


   Skills:
 + Level 1.1 Fighting
 + Level 1.9 Dodging
 + Level 3.4 Unarmed Combat
 + Level 2.2 Spellcasting
 + Level 2.1 Transmutations


You had 4 spell levels left.
You knew the following spells:

 Your Spells              Type           Power      Damage    Failure   Level
a - Beastly Appendage     Tmut           14%        N/A       11%         1

Your spell library contained the following spells:

 Spells                   Type           Power      Damage    Failure   Level
 Wereblood                Tmut           7%         N/A       16%         2
 Spider Form              Tmut/Pois      4%         N/A       43%         3
 Ice Form                 Ice/Tmut       4%         N/A       85%         4


Dungeon Overview and Level Annotations

Branches:
Dungeon (3/15)

Altars:


Innate Abilities, Weirdness & Mutations

Your plain brown scales are hard. (AC +4)
You cannot fit into any form of body armour.
You are cold-blooded and may be slowed by cold attacks.


Message History

The orc is lightly wounded.
You hit the orc. Your headbutt misses the orc.
The orc is heavily wounded.
The orc hits you with a +0 dagger.
An orc comes into view.
It is wielding a +1 flail of protection.
You hit the orc. You claw the orc, but do no damage.
You headbutt the orc, but do no damage. You punch the orc, but do no damage.
The orc is severely wounded.
Your horns disappear.
Your talons disappear.
The orc hits you with a +0 dagger.
An orc comes into view. It is wielding a +0 club.
You closely miss the orc.
The orc is severely wounded.
The orc hits you but does no damage.
You hit the orc but do no damage.
The orc is severely wounded.
The orc hits you but does no damage.
The orc throws a boomerang.
The boomerang misses you.
The orc drinks a potion.
The orc seems to grow stronger.
You hit the orc.
You kill the orc!
A ball python comes into view.
You completely miss the orc wizard. The orc hits you with a +0 short sword.
The orc wizard hits you with a +0 club.
The ball python hisses angrily.
You hit the orc wizard but do no damage.
The orc hits you but does no damage. The orc wizard hits you with a +0 club.
The orc attacks as you move away! The orc hits you with a +0 short sword.
The orc attacks as you move away! The orc hits you but does no damage.
Things that are here:
a +0 club; a kobold corpse
There is an escape hatch in the ceiling here.
Casting: Beastly Appendage (safe; 11% risk of failure)
Confirm with . or Enter, or press ? or * to list all spells.
You don't know that spell.
A mysterious force pulls you upwards. The hatch slams shut behind you.
You hit the orc.
The orc is heavily wounded.
The orc hits you with a +0 short sword!
You die...

######
#.@o.#
###..#
..#
..#
..# .#
..# ..
..# ..
..#


You could see an orc (strong).

Vanquished Creatures
  An adder (D:2)
  An orc (D:3)
  A goblin (D:2)
  A kobold (D:3)
  A quokka (D:2)
5 creatures vanquished.

Notes
Turn   | Place    | Note
-------+----------+-------------------------------------------
     0 | D:1      | theblackgale the Draconian Transmuter began the quest for
                  | the Orb.
     0 | D:1      | Reached XP level 1. HP: 16/16 MP: 3/3
   174 | D:2      | Reached XP level 2. HP: 19/23 MP: 5/5
   282 | D:2      | Slain by an orc

Illustrated notes

Levels and vault maps discovered:
D:1:      denvon_arrival_planthouse, layout_loops_cross, st_stairs_10,
          minmay_lizard_king
D:2:      layout_basic, chequers_ecumenical_altar_grove, uniq_natasha
D:3:      layout_loops_ring

Action                   || total
-------------------------++-------
Melee: Unarmed           ||    22
       Tailslap          ||     3
       Kick              ||     3
       Headbutt          ||     2
       Punch             ||     1
 Cast: Beastly Appendage ||     2
Armor: Skin              ||     7
Dodge: Dodged            ||     6
